 Dungeon Crawl Stone Soup version 0.18.1-8-gdd0e5ea (webtiles) character file.

256 sleepydude the Cudgeler (level 5, -1/50 HPs)
             Began as a Minotaur Berserker on June 1, 2016.
             Was a Believer of Trog.
             Slain by a worker ant (6 damage)
             ... on level 4 of the Dungeon.
             The game lasted 00:08:42 (3119 turns).

sleepydude the Cudgeler (Minotaur Berserker)        Turns: 3119, Time: 00:08:42

Health: -1/50      AC:  1    Str: 21    XL:     5   Next: 92%
Magic:  4/4        EV: 12    Int:  4    God:    Trog [**....]
Gold:   157        SH:  0    Dex: 13    Spells: 0 memorised, 4 levels left

rFire  . . .     SeeInvis .     a - +0 mace
rCold  . . .     Gourm    .     b - +0 animal skin
rNeg   . . .     Faith    .     (no shield)
rPois  .         Spirit   .     (helmet restricted)
rElec  .         Dismiss  .     (no cloak)
rCorr  .         Reflect  .     (no gloves)
SustAt .         Harm     .     (no boots)
MR     .....                    (no amulet)
Stlth  +.........               (no ring)
                                (no ring)

@: not resistant to hostile enchantments, very unstealthy
A: retaliatory headbutt, horns 2, agile 1, deformed body, high mp 1, robust 1,
wild magic 1
a: Berserk, Trog's Hand, Burn Spellbooks, Renounce Religion


You were on level 4 of the Dungeon.
You worshipped Trog.
Trog was pleased with you.
You were not hungry.

You visited 1 branch of the dungeon, and saw 4 of its levels.

You collected 157 gold pieces.

Inventory:

Hand Weapons
 a - a +0 mace (weapon)
 g - a +0 mace
 m - a +0 blowgun
Missiles
 h - 4 poisoned needles
Armour
 b - a +0 animal skin (worn)
 j - a +0 plate armour
 p - a +0 scale mail
Scrolls
 e - 4 scrolls of identify
 f - a scroll of blinking
 k - a scroll of remove curse
 n - a scroll of enchant weapon {unknown}
Potions
 i - a potion of flight
 o - a potion of heal wounds
 q - a potion of degeneration {unknown}
Comestibles
 c - 3 bread rations
 d - 2 meat rations
 l - a royal jelly


   Skills:
 - Level 3.9 Fighting
 + Level 7.8 Maces & Flails
 - Level 2.4 Armour
 - Level 2.4 Dodging


You had 4 spell levels left.
You didn't know any spells.

Dungeon Overview and Level Annotations

Branches:
Dungeon (4/15)
 Temple: D:4-7

Altars:
Sif Muna
Vehumet


Innate Abilities, Weirdness & Mutations

You reflexively headbutt those who attack you in melee.
You have a pair of horns on your head.
You are agile. (Dex +2)
Armour fits poorly on your strangely shaped body.
You have an increased reservoir of magic (+10% MP).
You are robust (+10% HP).
Your spells are a little harder to cast, but a little more powerful.


Message History

A worker ant is nearby!
A worker ant is nearby!
A worker ant is nearby!
You hit the worker ant. Your headbutt misses the worker ant.
The worker ant is moderately wounded.
The worker ant bites you!
* * * LOW HITPOINT WARNING * * *
The worker ant barely misses you.
You closely miss the worker ant. You headbutt the worker ant.
The worker ant is heavily wounded.
The worker ant bites you!
* * * LOW HITPOINT WARNING * * *
You hit the worker ant.
The worker ant is severely wounded.
The worker ant bites you.
* * * LOW HITPOINT WARNING * * *
You closely miss the worker ant. Your headbutt misses the worker ant.
The worker ant is severely wounded.
The worker ant bites you.
You die...

#.#.######.
#.#.# #.#.#
#.#.# #.#.#
#.#.# #.#.#
#.#.##########
#.#...@a......
#.######......
#..### .#####
##.#.###.#
#..#.##.#####
#.###........
.
#..#.##.#####
>### #.#
##.#.###.# #
..#
#.###....###.#
.##


You could see a worker ant.

Vanquished Creatures
  A scorpion (D:4)
  An iguana (D:4)
  A worker ant (D:4)
  6 gnolls (D:2)
  3 adders
  An adder zombie (D:1)
  3 worms
  2 dart slugs (D:2)
  3 giant geckos
  An orc (D:3)
  4 bats
  A bat zombie (D:1)
  3 giant cockroaches
  10 goblins
  3 hobgoblins
  A quokka (D:3)
  A ball python (D:1)
  4 giant newts
  5 kobolds
  3 rats
57 creatures vanquished.

Notes
Turn   | Place    | Note
--------------------------------------------------------------
     0 | D:1      | sleepydude the Minotaur Berserker began the quest for the Orb.
     0 | D:1      | Reached XP level 1. HP: 19/19 MP: 0/0
   221 | D:1      | Reached XP level 2. HP: 27/27 MP: 1/1
   320 | D:1      | Gained mutation: Your spells are a little harder to cast, but a little more powerful. [potion of mutation]
   320 | D:1      | Gained mutation: You have an increased reservoir of magic (+10% MP). [potion of mutation]
   320 | D:1      | Gained mutation: You are agile. (Dex +2) [potion of mutation]
   362 | D:1      | Reached skill level 4 in Maces & Flails
   801 | D:1      | Gained mutation: Armour fits poorly on your strangely shaped body. [potion of mutation]
   801 | D:1      | Gained mutation: You are robust (+10% HP). [potion of mutation]
  1143 | D:2      | Reached XP level 3. HP: 23/36 MP: 2/2
  1150 | D:2      | Reached skill level 5 in Maces & Flails
  1432 | D:2      | Found a radiant altar of Vehumet.
  1491 | D:2      | Reached ** piety under Trog
  1491 | D:2      | Reached XP level 4. HP: 27/44 MP: 3/3
  1498 | D:2      | Reached skill level 6 in Maces & Flails
  1980 | D:2      | Found a deep blue altar of Sif Muna.
  2344 | D:3      | Reached XP level 5. HP: 49/50 MP: 4/4
  2768 | D:4      | Reached skill level 7 in Maces & Flails
  3119 | D:4      | Slain by a worker ant

Skill      XL: |  1  2  3  4  5 |
---------------+----------------+-----
Maces & Flails | 4 5 6 7 |  7.8
Fighting       | |  3.9
Armour         | |  2.4
Dodging        | |  2.4

Action                   |  1- 3 |  4- 6 || total
-------------------------+-------+-------++-------
Melee: Mace              |    48 |    70 ||   118
       Headbutt          |    14 |     8 ||    22
Invok: Berserk           |       |     1 ||     1
  Use: Potion            |     4 |       ||     4
       Scroll            |     3 |     2 ||     5
 Stab: Sleeping          |     1 |     2 ||     3
  Eat: Beef jerky        |     1 |       ||     1
       Meat ration       |       |     1 ||     1
       Bread ration      |       |     1 ||     1
Armor: Animal skin       |     1 |     2 ||     3
Dodge: Dodged            |    23 |    38 ||    61
